 Dungeon Crawl Stone Soup version 0.18.1-50-g88ac8fd (webtiles) character file.

4093 Inkary the Cleaver (level 10, -9/73 HPs)
             Began as a Formicid Fighter on Sept 12, 2016.
             Was a Follower of Qazlal.
             Killed by divine providence
             ... invoked by an orc priest
              (12 damage)
             ... on level 8 of the Dungeon on Sept 16, 2016.
             The game lasted 00:33:15 (6967 turns).

Inkary the Cleaver (Formicid Fighter)               Turns: 6967, Time: 00:33:16

Health: -9/73      AC:  9    Str: 23      XL:     10   Next: 50%
Magic:  10/10      EV:  8    Int: 12 (13) God:    Qazlal [*.....]
Gold:   517        SH: 12    Dex: 14      Spells: 1 memorised, 8 levels left

rFire  . . .     SeeInvis +     d - +3 whip (freeze)
rCold  . . .     Gourm    .     b - +0 scale mail
rNeg   . . .     Faith    .     c - +0 shield
rPois  +         Spirit   .     (helmet unavailable)
rElec  .         Dismiss  .     (no cloak)
rCorr  .         Reflect  .     y - +1 pair of gloves {Dex+3}
SustAt .         Harm     .     (no boots)
MR     +....                    P - amulet of regeneration
Stlth  ..........               (no ring)
                                i - ring of poison resistance

@: brilliant, somewhat resistant to hostile enchantments, extremely unstealthy
A: permanent stasis, dig shafts and tunnels, four strong arms, antennae 3,
talons 1, deterioration 1, screaming 1
a: Dig, Shaft Self, Renounce Religion


You were on level 8 of the Dungeon.
You worshipped Qazlal.
Qazlal was aware of your devotion.
You were not hungry.

You visited 2 branches of the dungeon, and saw 9 of its levels.
You also visited: Sewer and Ossuary.

You collected 517 gold pieces.

Inventory:

Hand Weapons
 a - a +0 war axe
 d - a +3 whip of freezing (weapon)
Armour
 b - a +0 scale mail (worn)
 c - a +0 shield (worn)
 y - a +1 pair of gloves of dexterity (worn)
Jewellery
 i - a ring of poison resistance (left hand)
 A - an uncursed amulet of dismissal
 P - an amulet of regeneration (around neck)
Wands
 r - a wand of polymorph (24/24)
 H - a wand of paralysis (12/24)
 I - a wand of flame (32/48)
 J - a wand of random effects (35/48)
Scrolls
 e - 2 scrolls of recharging
 g - 4 scrolls of identify
 h - 7 scrolls of remove curse
 x - a scroll of enchant weapon
Potions
 j - a potion of lignification
 l - a potion of berserk rage
 n - a potion of heal wounds
 u - a potion of curing
 v - a potion of agility {unknown}
 w - a potion of cure mutation
 B - a potion of might
 C - a potion of resistance {unknown}
 E - 2 potions of flight
Comestibles
 f - 6 bread rations
 q - 3 meat rations
 s - 2 slices of pizza
 t - 7 fruits
 z - a beef jerky
 K - a chunk of flesh
 L - a royal jelly


   Skills:
 - Level 4.4 Fighting
 - Level 11.1(12.1) Axes
 + Level 8.1(10.7) Maces & Flails
 - Level 4.4 Armour
 - Level 5.0 Shields


You had 8 spell levels left.
You knew the following spells:

 Your Spells              Type           Power        Failure   Level  Hunger
a - Apportation           Tloc           #.........   38%         1    ##.....


Dungeon Overview and Level Annotations

Branches:
Dungeon (8/15)             Temple (1/1) D:5
   Lair: D:8-11

Altars:
Ashenzari
Cheibriados
Dithmenos
Elyvilon
Fedhas
Gozag
Nemelex Xobeh
Okawaru
Pakellas
Qazlal
Ru
Sif Muna
Xom
Yredelemnul
Zin
The Shining One

Shops:
D:7 }

Annotations:
D:8 Grum, Joseph


Innate Abilities, Weirdness & Mutations

You are under a permanent stasis effect.
You can dig through walls and to a lower floor.
Your four strong arms can wield two-handed weapons with a shield.
You have a pair of large antennae on your head (SInv).
You have sharp toenails.
Your body sometimes deteriorates upon taking damage.
You occasionally shout uncontrollably at your foes.


Message History

You block Grum's attack. Grum hits you from afar with a halberd!
* * * LOW HITPOINT WARNING * * *
You block Grum's attack.
Items here: ))) [ † a mace; a chain mail; a club; a trident; an orc corpse You hit Grum.
You freeze Grum. You claw Grum, but do no damage.
Grum is lightly wounded.
The orc priest calls down the wrath of Beogh upon you.
Beogh smites you!
* * * LOW HITPOINT WARNING * * *
Your body deteriorates!
You feel dopey.
You hit Grum. You freeze Grum. Your kick misses Grum.
Grum is lightly wounded.
Grum barely misses you.
You hit Grum but do no damage. You claw Grum, but do no damage.
Grum is lightly wounded.
The orc priest mumbles some strange prayers to Beogh against you.
Beogh smites you!
You die...

###### #.#....# #.#.##.#
#.#.##.#.# #.#.##.#.#
#.#.##.#.# #.#.##.#.###
#############.#.##.#.#..
....hog@)........#.#.#.#
##..oh#######.####.#.#.#
#...{ ######......#.#.#
.... #................
... #>....<.......#.. ..
#####?........#.. .
#.......#....#..
#.#####.#....#.. #
#.####.#..


You could see Grum, 2 wolves, an orc priest and an orc.

Vanquished Creatures
  Pikel (D:4)
  A two-headed ogre (D:6)
  Prince Ribbit (D:7)
  The ghost of Scuka the Changer, an amateur MfTm (D:4)
  An ice beast (D:7)
  3 ogres
  2 phantoms
  A centaur (D:3)
  4 big kobolds (Sewer)
  7 elf zombies (Ossuary)
  3 giant frogs (D:7)
  A scorpion (D:6)
  A water moccasin skeleton (D:4)
  5 killer bees (D:7)
  3 centaur zombies (Ossuary)
  A crimson imp (D:6)
  2 jellies
  A giant frog zombie (D:7)
  3 hounds
  2 human zombies (Ossuary)
  6 orc priests
  A giant frog skeleton (D:5)
  2 iguanas
  5 orc wizards
  2 worker ants
  A hound skeleton (D:5)
  3 mummies (Ossuary)
  8 adders
  3 river rats (Sewer)
  2 shadow imps
  2 oozes (Sewer)
  An adder skeleton (D:4)
  8 worms
  2 dart slugs
  2 giant geckos
  34 orcs
  6 bats
  6 giant cockroaches
  6 goblins
  A hobgoblin (D:3)
  7 jackals
  3 quokkas
  5 ball pythons
  4 giant newts
  A jackal zombie (D:5)
  9 kobolds
  A quokka skeleton (D:5)
  9 rats
184 creatures vanquished.

Vanquished Creatures (others)
  An ogre (D:4)
  A slave (D:4)
  A giant frog (D:6)
  A jackal (D:4)
4 creatures vanquished.

Grand Total: 188 creatures vanquished

Notes
Turn   | Place    | Note
--------------------------------------------------------------
     0 | D:1      | Inkary the Formicid Fighter began the quest for the Orb.
     0 | D:1      | Reached XP level 1. HP: 18/18 MP: 1/1
   179 | D:1      | Reached XP level 2. HP: 24/24 MP: 2/2
   417 | D:1      | Reached skill level 3 in Axes
   700 | D:2      | Reached XP level 3. HP: 29/29 MP: 3/3
   759 | D:2      | Found a deep blue altar of Sif Muna.
  1365 | D:3      | Reached XP level 4. HP: 34/35 MP: 4/4
  1423 | D:3      | Reached skill level 4 in Axes
  1617 | D:3      | Found a faded altar to an unknown god.
  1694 | D:3      | Noticed a centaur
  1706 | D:3      | Killed a centaur
  1706 | D:3      | Reached skill level 5 in Axes
  1706 | D:3      | Reached XP level 5. HP: 5/41 MP: 5/5
  2167 | D:3      | Learned a level 1 spell: Apportation
  2308 | D:4      | Reached XP level 6. HP: 37/47 MP: 6/6
  2346 | D:4      | Reached skill level 6 in Axes
  2400 | D:4      | Noticed Scuka's ghost (amateur MfTm)
  2432 | D:4      | Killed Scuka's ghost
  2432 | D:4      | Reached skill level 7 in Axes
  2432 | D:4      | Reached XP level 7. HP: 18/52 MP: 7/7
  2638 | D:4      | Found a sand-covered staircase.
  2644 | Ossuary  | Entered an ossuary
  2688 | Ossuary  | Reached skill level 8 in Axes
  2742 | Ossuary  | Reached XP level 8. HP: 34/58 MP: 8/8
  2769 | Ossuary  | Reached skill level 9 in Axes
  3153 | D:4      | Reached skill level 10 in Axes
  3215 | D:4      | Noticed Pikel
  3234 | D:4      | Killed Pikel
  3234 | D:4      | Reached skill level 11 in Axes
  3234 | D:4      | Reached XP level 9. HP: 40/64 MP: 9/9
  3901 | D:5      | Entered Level 5 of the Dungeon
  3952 | D:5      | Found a shimmering altar of Xom.
  4043 | D:5      | Reached skill level 1 in Maces & Flails
  4172 | D:5      | Found a staircase to the Ecumenical Temple.
  4282 | D:5      | Found a glowing drain.
  4305 | Sewer    | Entered a sewer
  5106 | D:5      | Upgraded the game from 0.18.1-48-g4cf74bf to 0.18.1-50-g88ac8fd
  5155 | Temple   | Entered the Ecumenical Temple
  5197 | Temple   | Became a worshipper of Qazlal Stormbringer
  5290 | D:5      | Reached skill level 5 in Shields
  5670 | D:6      | Noticed a two-headed ogre
  5679 | D:6      | Reached XP level 10. HP: 73/73 MP: 10/10
  5718 | D:6      | Reached skill level 5 in Maces & Flails
  5936 | D:7      | Found Ynaimab's Gadget Boutique.
  5964 | D:7      | Noticed Prince Ribbit
  5998 | D:7      | Killed Prince Ribbit
  6249 | D:7      | Found a sparkling altar of Nemelex Xobeh.
  6403 | D:7      | Reached * piety under Qazlal
  6690 | D:8      | Noticed Joseph
  6891 | D:8      | Noticed Grum
  6953 | D:8      | Gained mutation: You occasionally shout uncontrollably at your foes. [potion of mutation]
  6953 | D:8      | Gained mutation: Your body sometimes deteriorates upon taking damage. [potion of mutation]
  6953 | D:8      | Gained mutation: You have sharp toenails. [potion of mutation]
  6965 | D:8      | HP: 2/73 [orc priest/divine providence (12)]
  6967 | D:8      | Killed from afar by an orc priest

Skill      XL: |  1  2  3  4  5  6  7  8  9 10 |
---------------+-------------------------------+-----
Axes           | 3 5 7 8 11 | 11.1
Maces & Flails | 4 8 |  8.1
Shields        | 5 |  5.0
Armour         | 4 |  4.4
Fighting       | 4 |  4.4

Action                   |  1- 3 |  4- 6 |  7- 9 | 10-12 || total
-------------------------+-------+-------+-------+-------++-------
Melee: War axe           |    82 |   107 |   200 |       ||   389
       Whip              |       |       |   406 |   247 ||   653
       Kick              |       |       |       |     2 ||     2
  Use: Potion            |       |     1 |     3 |    10 ||    14
       Scroll            |       |       |    15 |     1 ||    16
  Eat: Chunk             |     2 |     3 |    11 |     4 ||    20
       Fruit             |       |       |     1 |       ||     1
Armor: Scale mail        |    33 |    33 |   119 |    33 ||   218
       Skin              |       |       |     8 |    32 ||    40
Dodge: Dodged            |    22 |    23 |   116 |    41 ||   202
Block: Shield            |    41 |    64 |   215 |    92 ||   412
